 Dungeon Crawl Stone Soup version 0.21.1-1-g345015f (webtiles) character file.

41 prawnwizard the Firebug (level 3, 0/19 HPs)
             Began as a Deep Elf Fire Elementalist on July 2, 2018.
             Slain by a jackal (1 damage)
             ... on level 3 of the Dungeon.
             The game lasted 00:06:20 (1736 turns).

prawnwizard the Firebug (DEFE)                      Turns: 1736, Time: 00:06:20

Health: 0/19       AC:  2    Str:  5    XL:     3   Next: 32%
Magic:  1/9        EV: 13    Int: 20    God:
Gold:   133        SH:  0    Dex: 15    Spells: 7/8 levels left

rFire    . . .     SeeInvis .   e - +0 dagger
rCold    . . .     Gourm    .   (no shield)
rNeg     . . .     Faith    .   a - +0 robe
rPois    .         Spirit   .   (no helmet)
rElec    .         Reflect  .   (no cloak)
rCorr    .         Harm     .   (no gloves)
MR       .....                  (no boots)
Stlth    ++........             (no amulet)
HPRegen  0.06/turn              (no ring)
MPRegen  0.11/turn              (no ring)

@: very slightly contaminated
A: no striking features
a: no special abilities


You were on level 3 of the Dungeon.
You were not hungry.

You visited 1 branch of the dungeon, and saw 3 of its levels.

You collected 133 gold pieces.

Inventory:

Hand Weapons
 e - a +0 dagger (weapon)
Armour
 a - a +0 robe (worn)
Jewellery
 i - a cursed -2 ring of protection {unknown}
Scrolls
 g - 3 scrolls of teleportation {unknown}
 h - 2 scrolls of enchant weapon {unknown}
 k - a scroll of immolation {unknown}
 m - 2 scrolls of identify {unknown}
Potions
 d - 2 potions of curing {unknown}
 f - a potion of cancellation {unknown}
 l - a potion of berserk rage {unknown}
Books
 b - a book of Flames

   Spells                             Type                      Level
   a - Flame Tongue                   Conjuration/Fire             1
   b - Throw Flame                    Conjuration/Fire             2
   c - Conjure Flame                  Conjuration/Fire             3
   d - Inner Flame                    Hexes/Fire                   3
   e - Sticky Flame                   Conjuration/Fire             4
   f - Fireball                       Conjuration/Fire             5
 j - a book of Frost

   Spells                             Type                      Level
   a - Freeze                         Ice                          1
   b - Throw Frost                    Conjuration/Ice              2
   c - Ozocubu's Armour               Charms/Ice                   3
   d - Throw Icicle                   Conjuration/Ice              4
   e - Summon Ice Beast               Ice/Summoning                4
Comestibles
 c - 4 rations


   Skills:
 + Level 2.8 Dodging
 - Level 2.4 Stealth
 + Level 3.4 Spellcasting
 * Level 2.2 Conjurations
 * Level 3.9 Fire Magic


You had 7 spell levels left.
You knew the following spells:

 Your Spells              Type           Power        Failure   Level  Hunger
a - Flame Tongue          Conj/Fire      ###..        3%          1    None


Dungeon Overview and Level Annotations

Branches:
Dungeon (3/15)

Altars:

Annotations:
D:3 dedward's ghost, amateur DsAK


Message History

An orc comes into view. It is wielding a mace.
You hit the jackal.
The jackal is almost dead.
The jackal misses you.
An orc comes into view. It is wielding a hand axe of venom.
You hit the jackal but do no damage.
The jackal is almost dead.
The jackal bites you.
* * * LOW HITPOINT WARNING * * *
The jackal barely misses you.
You hit the jackal but do no damage.
The jackal is almost dead.
The jackal misses you. The orc completely misses you.
You closely miss the jackal.
The jackal is almost dead.
The jackal barely misses you.
You hit the jackal.
You kill the jackal!
The jackal bites you.
You die...

#.. #.# ...
#)# ### #.#
.... #<# .....
#.# #######..
......#.##
#o.o.....
...#†.g###@#
!.........##h#
.#.#........g#
##.....####
##...## ##.##
...# #....
.....


You could see 2 orcs, a jackal and a goblin.

Vanquished Creatures
  An adder (D:2)
  5 bats
  2 giant cockroaches
  3 goblins
  2 hobgoblins (D:2)
  4 jackals (D:3)
  A quokka (D:2)
  A ball python (D:2)
  3 frilled lizards
  5 kobolds
  A rat (D:1)
28 creatures vanquished.

Notes
Turn   | Place    | Note
-------+----------+-------------------------------------------
     0 | D:1      | prawnwizard the Deep Elf Fire Elementalist began the quest for the Orb.
     0 | D:1      | Reached XP level 1. HP: 10/10 MP: 6/6
   691 | D:1      | Reached XP level 2. HP: 15/15 MP: 5/8
  1021 | D:2      | Found a faded altar of an unknown god.
  1152 | D:2      | Reached XP level 3. HP: 19/19 MP: 7/9
  1488 | D:3      | Noticed dedward's ghost (amateur DsAK)
  1736 | D:3      | Slain by a jackal

Skill      XL: |  1  2 |
---------------+-------+-----
Conjurations   | 2 |  2.2
Dodging        | |  2.8
Stealth        | |  2.4
Spellcasting   | |  3.4
Fire Magic     | |  3.9

Action                   || total
-------------------------++-------
Melee: Dagger            ||     8
 Cast: Flame Tongue      ||    43
  Eat: Chunk             ||     2
Armor: Robe              ||    12
Dodge: Dodged            ||    45
